Get step-by-step instructions on how to execute this build order below. Start the game timer, and the build order will tick by so you can play in parallel with StarCraft on a second screen or mobile device.

Game Time

  0:00

Last Step

  N/A

Next Step

Upcoming Step



Don't want to look back and forth between 2 screens? Try out our Overwolf App, the Spawning Tool Build Advisor to get an in-game overlay with this build!

Complete Build Order

  12  0:00  Probe  
  13  0:12  Probe  
  14  0:21  Pylon  
  14  0:24  Probe  
  15  0:39  Probe, Gateway  
  16  0:47  Probe  
  16  0:48  Assimilator  
  16  0:55  Probe  
  18  1:05  Probe  
  19  1:17  Probe  
  20  1:23  Nexus  
  20  1:33  Cybernetics Core  
  20  1:35  Probe  
  21  1:43  Assimilator  
  21  1:46  Pylon  
  21  1:49  Probe  
  23  2:01  Probe  
  23  2:08  Warp Gate  
  23  2:09  Adept  
  23  2:11  Probe  
  26  2:19  Probe  
  26  2:27  Probe  
  27  2:30  Twilight Council  
  27  2:35  Probe  
  29  2:39  Zealot, Probe  
  29  2:42  Shield Battery  
  32  2:47  Charge  
  32  2:48  Probe  
  33  2:52  Probe  
  34  3:00  Probe, Gateway  
  34  3:02  Gateway  
  35  3:13  Probe x2  
  35  3:16  Zealot  
  39  3:24  Pylon  
  39  3:25  Probe  
  39  3:26  Probe  
  41  3:37  Gateway  
  41  3:38  Templar Archives  
  41  3:42  Probe x2  
  43  3:54  Assimilator  
  43  3:56  Assimilator  
  43  4:00  Zealot x3  
  49  4:03  Probe  
  49  4:04  Probe  
  49  4:07  Psionic Storm  
  49  4:09  Pylon  
  51  4:15  Pylon  
  51  4:26  Gateway  
  51  4:28  Gateway  
  51  4:34  Gateway  
  51  4:39  Gateway  
  51  4:42  Probe x2  
  53  4:53  High Templar x2  
  53  4:54  Zealot x2  
  53  4:58  Archon  
  53  4:59  Probe x2  
  63  5:02  Pylon  
  63  5:06  Pylon  
  63  5:11  Probe  
  63  5:14  Pylon  
  64  5:24  Robotics Facility, Probe x2  
  66  5:30  High Templar x2  
  66  5:34  Zealot x3  
  76  5:36  Zealot  
  78  5:59  High Templar x2  
  78  6:00  Zealot x4  
  90  6:09  Pylon  
  90  6:10  Pylon  
  90  6:11  Pylon  
  90  6:13  Zealot  
  90  6:14  Zealot  
  94  6:34  Zealot x7  
  108  7:00  High Templar x4  
  114  7:01  Zealot x2  
  118  7:09  Archon  
  118  7:20  Pylon  
  118  7:23  Pylon  
  118  7:27  Pylon  
  114  7:34  Zealot x4  
  114  7:36  Zealot  
  118  7:47  Zealot x3  
  122  8:01  Zealot x5  
  132  8:10  Nexus  
  132  8:19  Zealot x3  
  138  8:22  High Templar  
  138  8:23  High Templar  
  142  8:27  Archon  
  142  8:43  Pylon